 Dungeon Crawl Stone Soup version 0.29.1-2-gbd0b4ee654 (console) character file.

Game seed: 1874110064273379856

320 vuolankoinen the Magician (level 6, -2/46 HPs)
             Began as a Human Wanderer on Nov 6, 2022.
             Was a High Priest of Ignis.
             Slain by Natasha (8 damage)
             ... on level 4 of the Dungeon.
             The game lasted 00:12:30 (4347 turns).

vuolankoinen the Magician (Human Wanderer)          Turns: 4347, Time: 00:12:30

Health: -2/46      AC:  7    Str: 10    XL:     6   Next: 75%
Magic:  10/10      EV: 12    Int: 12    God:    Ignis [*****.]
Gold:   259        SH:  0    Dex: 15    Spells: 10/11 levels left

rFire   + . .      SeeInvis .   a - +0 dagger
rCold   . . .      Faith    .   (no shield)
rNeg    + . .      Spirit   .   l - +0 leather armour
rPois   .          Reflect  .   h - +1 helmet
rElec   .          Harm     .   (no cloak)
rCorr   .          Rampage  .   (no gloves)
Will    .....                   (no boots)
Stlth   ++........              (no amulet)
HPRegen 0.15/turn               o - ring of positive energy
MPRegen 0.12/turn               (no ring)

@: no status effects
A: iridescent scales 1, dopey 1
a: Renounce Religion, Fiery Armour, Foxfire Swarm, Rising Flame


You were on level 4 of the Dungeon.
You worshipped Ignis.
Ignis was extremely pleased with you.
You visited 1 branch of the dungeon, and saw 4 of its levels.

You collected 259 gold pieces.

Inventory:

Hand Weapons
 a - a +0 dagger (weapon)
Missiles
 b - 9 boomerangs (quivered)
 r - 2 boomerangs of dispersal
 t - 3 curare-tipped darts
 u - 5 poisoned darts
Armour
 e - a +0 robe
 g - a +0 helmet
 h - a +1 helmet (worn)
 l - a +0 leather armour (worn)
Jewellery
 o - a ring of positive energy (left hand)
Wands
 c - a wand of charming (16)
Scrolls
 d - 2 scrolls of fear
 i - a scroll of torment {unknown}
 j - a scroll of poison {unknown}
 k - a scroll of vulnerability {unknown}
 m - 4 scrolls of identify {unknown}
 n - a scroll of fog {unknown}
Potions
 f - a potion of mutation
 p - 2 potions of curing {unknown}
 q - a potion of attraction {unknown}
 s - a potion of ambrosia {unknown}
 v - 2 potions of brilliance {unknown}


   Skills:
 * Level 2.7 Fighting
 - Level 1.0 Short Blades
 - Level 3.0 Throwing
 + Level 2.7 Armour
 + Level 2.0 Dodging
 + Level 2.5 Stealth
 + Level 3.1 Spellcasting
 - Level 2.1 Poison Magic
 - Level 3.0 Evocations


You had 10 spell levels left.
You knew the following spells:

 Your Spells              Type           Power      Damage    Failure   Level
a - Sting                 Tmut/Pois      16%        1d3       21%         1

Your spell library contained the following spells:

 Spells                   Type           Power      Damage    Failure   Level
 Shock                    Conj/Air       4%         1d3       32%         1
 Spider Form              Tmut/Pois      4%         N/A       52%         3
 Swiftness                Air            1%         N/A       67%         3
 Airstrike                Air            0%         2d(1-17)  97%         4


Dungeon Overview and Level Annotations

Branches:
Dungeon (4/15)
 Temple: D:4-7

Altars:
Gozag
Ignis

Annotations:
D:4 Grinder, Natasha


Innate Abilities, Weirdness & Mutations

You are partially covered in iridescent scales. (AC +2)
You are dopey. (Int -2)


Message History

Aiming: Charm
Press: ? - help, Shift-Dir - straight line, f/p - Grinder
Aim: Grinder (severely wounded, ally target, chance to affect: 56%) Grinder is charmed.
What are your orders? t - Shout!
Orders for allies: a - Attack new target. p - Attack previous target. r - Retreat! s - Stop attacking. g - Guard the area. f - Follow me.
Anything else - Cancel.
Gang up on whom?
Press: ? - help, Dir - move target, f - Natasha, p - Grinder
Aim: Natasha Attack!
Natasha mumbles some strange words.
Natasha's front paws start to glow.
Natasha claws your adder.
Your adder closely misses Natasha.
Grinder blinks!
Your adder bites Natasha.
Throw: 5 darts (curare)
Press: ? - help, Shift-Dir - straight line, f/p - Natasha
Aim: Natasha (translocational energy, lightly wounded, ally target, 53% to hit)
You throw a curare-tipped dart.
The curare-tipped dart barely misses Natasha.
Your adder bites Natasha.
Natasha is poisoned.
Your adder poisons Natasha!
Throw: 4 darts (curare)
Press: ? - help, Shift-Dir - straight line, f/p - Natasha
Aim: Natasha (moderately wounded, poisoned, ally target, 53% to hit)
You throw a curare-tipped dart.
The curare-tipped dart closely misses Natasha.
Your adder bites Natasha but does no damage.
Natasha claws you.
* * * LOW HITPOINT WARNING * * *
It was a potion of mutation.
You feel extremely strange.
You feel stupid.
Iridescent scales grow over part of your body.
Your adder bites Natasha.
Natasha looks even sicker.
Your adder poisons Natasha!
Natasha claws you!
You die...

... #.......#...#... ....
#####.....##...##..
#...##...##...###...###.
......... ##### #...# ##
.........##...###...#
........##.....##...#
........#.......#...#
.....S5.#.......'...+
....#§h@#.......#...#
##......##.....##...#
.....###.##...###)).#
.#### ##.######.)..#####
########..#.###..........
##........##.##.)#########
#..#####.........#
#......#.........#
######.#.........#


You could see Natasha (very poisoned, ally target), the friendly Grinder
(charmed) and a friendly adder (charmed).

Vanquished Creatures
  A scorpion (D:4)
  An orc priest (D:3)
  An orc wizard (D:4)
  Natasha (twice) (D:4)
  6 adders
  An ufetubus (D:4)
  3 worms
  3 dart slugs
  12 orcs
  7 ball pythons
  4 bats
  7 endoplasms
  8 hobgoblins
  A quokka (D:1)
  7 frilled lizards
  7 goblins
  5 kobolds
  2 rats (D:3)
78 creatures vanquished.

Vanquished Creatures (others)
  An adder (D:4)
1 creature vanquished.

Grand Total: 79 creatures vanquished

Notes
Turn   | Place    | Note
-------+----------+-------------------------------------------
     0 | D:1      | vuolankoinen the Human Wanderer began the quest for the
                  | Orb.
     0 | D:1      | vuolankoinen set off with the following items: a +0 dagger,
                  | 9 boomerangs, a wand of charming (16), a scroll of fear, a
                  | +0 robe; and the following spell memorised: Sting; and the
                  | following spells available to memorise: Spider Form.
     0 | D:1      | Reached XP level 1. HP: 13/13 MP: 3/3
   659 | D:1      | Reached XP level 2. HP: 11/20 MP: 5/5
   866 | D:1      | Reached skill level 1 in Fighting
  1384 | D:1      | Found a faded altar of an unknown god.
  1392 | D:1      | Prayed at the altar of an unknown god.
  1392 | D:1      | Became a worshipper of Ignis, the Dying Flame
  1627 | D:2      | Reached XP level 3. HP: 26/26 MP: 6/6
  1648 | D:2      | Reached skill level 1 in Stealth
  2254 | D:2      | Reached XP level 4. HP: 33/33 MP: 7/7
  2402 | D:2      | Reached skill level 1 in Dodging
  3036 | D:3      | Reached skill level 1 in Armour
  3036 | D:3      | Reached XP level 5. HP: 30/38 MP: 8/8
  3929 | D:4      | Noticed Natasha
  3939 | D:4      | Killed Natasha
  3940 | D:4      | Reached XP level 6. HP: 45/45 MP: 10/10
  3995 | D:4      | Noticed Natasha
  3997 | D:4      | Killed Natasha
  4000 | D:4      | Found an opulent altar of Gozag.
  4129 | D:4      | Reached skill level 1 in Short Blades
  4317 | D:4      | Noticed Grinder
  4317 | D:4      | Paralysed by Grinder for 5 turns
  4339 | D:4      | Noticed Natasha
  4347 | D:4      | Gained mutation: You are dopey. (Int -2) [potion of
                  | mutation]
  4347 | D:4      | Gained mutation: You are partially covered in iridescent
                  | scales. (AC +2) [potion of mutation]
  4347 | D:4      | Slain by Natasha

Illustrated notes

Levels and vault maps discovered:
D:1:      matt_arrival_los_fun, layout_loops_corners,
          shapermc_ecumenical_altar_mp_ritualfount
D:2:      layout_basic, st_stairs_13, guppyfry_early_orc_mine
D:3:      layout_rooms
D:4:      kennysheep_six_static_rooms, layout_rooms, grunt_gozag_breadcrumbs,
          temple_green, amcnicky_mini_rare_corridor_liquid, uniq_blork_the_orc,
          uniq_grinder, uniq_natasha

Skill      XL: |  1  2  3  4  5  6 |
---------------+-------------------+-----
Fighting       | 1 2 |  2.7
Stealth        | 1 2 |  2.5
Dodging        | 1 2 |  2.0
Armour         | 1 2 |  2.7
Short Blades   | 1 |  1.0
Spellcasting   | 3 |  3.1
Throwing       | |  3.0
Poison Magic   | |  2.1
Evocations     | |  3.0

Action                   |  1- 3 |  4- 6 || total
-------------------------+-------+-------++-------
Melee: Dagger            |    52 |    62 ||   114
       Punch             |       |     1 ||     1
Throw: Boomerang         |    39 |   129 ||   168
       Dart              |       |     9 ||     9
 Cast: Sting             |    10 |    17 ||    27
Evoke: Wand              |       |     5 ||     5
  Use: Potion            |       |     1 ||     1
 Stab: Sleeping          |     2 |     1 ||     3
Armor: Robe              |    17 |       ||    17
       Leather armour    |    10 |    35 ||    45
Dodge: Dodged            |    46 |    54 ||   100
